 Dungeon Crawl Stone Soup version 0.25-a0-58-g9dd530fc12 (webtiles) character file.

Game seed: 5176353170926220499, levelgen mode: deterministic

1576 Conn the Thaumaturge (level 8, -11/43 HPs)
             Began as a Deep Elf Wizard on Oct 27, 2019.
             Was a Believer of Sif Muna.
             Mangled by an orc warrior
             ... wielding a +0 battleaxe
              (27 damage)
             ... on level 7 of the Dungeon.
             The game lasted 00:17:37 (6890 turns).

Conn the Thaumaturge (Deep Elf Wizard)              Turns: 6890, Time: 00:17:38

Health: -11/43     AC:  6    Str:  4    XL:     8   Next: 60%
Magic:  3/23       EV: 13    Int: 26    God:    Sif Muna [**....]
Gold:   385        SH:  0    Dex: 13    Spells: 10/26 levels left

rFire    . . .     SeeInvis .   g - +0 short sword
rCold    . . .     Gourm    .   (no shield)
rNeg     . . .     Faith    .   a - +0 robe
rPois    .         Spirit   .   b - +2 hat
rElec    .         Reflect  .   (no cloak)
rCorr    .         Harm     +   (no gloves)
MR       +....                  u - +1 pair of boots
Stlth    +++.......             v - amulet of harm
HPRegen  0.14/turn              t - ring of protection from magic
MPRegen  0.18/turn              (no ring)

@: no status effects
A: no striking features
a: Channel Magic, Renounce Religion


You were on level 7 of the Dungeon.
You worshipped Sif Muna.
Sif Muna was pleased with you.
You were not hungry.

You visited 1 branch of the dungeon, and saw 7 of its levels.

You collected 385 gold pieces.

Inventory:

Hand Weapons
 e - a +0 dagger
 g - a +0 short sword (weapon)
Missiles
 l - 11 javelins
 m - 6 atropa-tipped darts (quivered)
 r - 36 poisoned darts
Armour
 a - a +0 robe (worn)
 b - a +2 hat (worn)
 u - a +1 pair of boots (worn)
Jewellery
 t - a ring of protection from magic (left hand)
 v - an amulet of harm (around neck)
Wands
 q - a wand of flame (12)
 w - a wand of digging (3)
Scrolls
 c - a scroll of enchant weapon {unknown}
 f - 2 scrolls of immolation {unknown}
 h - 4 scrolls of remove curse {unknown}
 k - 6 scrolls of identify
 n - 4 scrolls of teleportation {unknown}
 s - 2 scrolls of amnesia {unknown}
 x - 3 scrolls of noise {unknown}
 y - a scroll of magic mapping {unknown}
 D - a scroll of fog {unknown}
 E - a scroll of summoning {unknown}
Potions
 i - a potion of degeneration {unknown}
 j - 2 potions of curing {unknown}
 o - a potion of ambrosia {unknown}
 p - 2 potions of might {unknown}
 z - 3 potions of lignification {unknown}
 A - 2 potions of heal wounds {unknown}
 C - a potion of cancellation {unknown}
Comestibles
 d - 14 rations


   Skills:
 + Level 1.3 Fighting
 + Level 1.0 Short Blades
 + Level 0.4 Throwing
 + Level 3.7 Dodging
 + Level 4.5 Stealth
 * Level 9.5 Spellcasting
 * Level 5.5 Conjurations
 + Level 3.2 Hexes
 + Level 2.8 Summonings
 + Level 1.4 Translocations
 + Level 0.6 Air Magic
 + Level 0.9 Poison Magic
 * Level 3.4 Invocations


You had 10 spell levels left.
You knew the following spells:

 Your Spells              Type           Power        Failure   Level  Hunger
a - Magic Dart            Conj           ####         1%          1    None
b - Blink                 Tloc           N/A          4%          2    None
c - Call Imp              Summ           ####....     2%          2    None
d - Slow                  Hex            ####....     1%          2    None
e - Conjure Flame         Conj/Fire      ####....     4%          3    None
f - Mephitic Cloud        Conj/Pois/Air  ###.....     5%          3    None
g - Confuse               Hex            ####....     3%          3    None

Your spell library contained the following spells:

 Spells                   Type           Power        Failure   Level  Hunger
 Confusing Touch          Hex            ####..       1%          1    None
 Gell's Gravitas          Tloc           ###.......   8%          3    None
 Petrify                  Tmut/Erth      ##......     43%         4    #......
 Metabolic Englaciation   Hex/Ice        ###.......   56%         5    ####...
 Yara's Violent Unravell  Hex/Tmut       ###.......   56%         5    ####...


Dungeon Overview and Level Annotations

Branches:
Dungeon (7/15)             Temple (0/1) D:6

Altars:
Dithmenos
Fedhas
Kikubaaqudgha
Okawaru
Sif Muna
Uskayaw
Vehumet


Message History

Aiming: Magic Dart (safe; 1% risk of failure)
Press: ? - help, Shift-Dir - straight line, f/p - brown ugly thing
Aim: a brown ugly thing (noxious fumes, heavily wounded, confused)
The magic dart hits the brown ugly thing but does no damage.
The brown ugly thing is heavily wounded.
The orc warrior is engulfed in noxious fumes.
The orc warrior appears confused.
The brown ugly thing is engulfed in noxious fumes.
Unknown command.
Casting: Magic Dart (safe; 1% risk of failure)
Confirm with . or Enter, or press ? or * to list all spells.
Aiming: Magic Dart (safe; 1% risk of failure)
Press: ? - help, Shift-Dir - straight line, f/p - brown ugly thing
Aim: a brown ugly thing (noxious fumes, heavily wounded, confused)
The magic dart hits the brown ugly thing.
The brown ugly thing is severely wounded.
The brown ugly thing is engulfed in noxious fumes.
The orc warrior hits you with a +0 battleaxe!!
Ouch! That really hurt!
You die...

##.# ##.#####.##.# #.# #..#
##.# ## # #.####.### #..##
.###........###...##
..#.....#.....○..#.#
#......###....○u####
.......# #...#.<##
..)....###.##..o.#
.......##..#####@#
.###..##[.##..##.#
####......##.##.###
##.......#..##...#####
##...........#...##...#
........##......#....## ###
.......#####..####.#.####.#
.......# #..#####..##...##
## .#....##
##....###.#.....###. #


You could see a brown ugly thing (confused) and an orc warrior (confused).

Vanquished Creatures
  Prince Ribbit (D:5)
  An ice beast (D:6)
  A phantom (D:6)
  3 ogres
  A centaur (D:5)
  2 bullfrogs
  A scorpion (D:6)
  A howler monkey (D:5)
  A bullfrog zombie (D:5)
  A crimson imp (D:5)
  2 centaur zombies (D:5)
  2 hounds
  An orc priest (D:6)
  An orc wizard (D:6)
  Jessica (D:3)
  An iguana (D:6)
  3 worker ants
  A hound zombie (D:5)
  Robin (D:3)
  7 adders
  3 worms
  A dart slug (D:2)
  20 orcs
  5 bats
  A giant cockroach (D:5)
  10 goblins
  10 hobgoblins
  9 jackals
  A quokka (D:4)
  2 ball pythons (D:2)
  4 frilled lizards (D:1)
  3 kobolds
  4 rats
106 creatures vanquished.

Vanquished Creatures (collateral kills)
  Sigmund (D:2)
  An ogre (D:4)
  An orc wizard (D:3)
  An orc (D:6)
4 creatures vanquished.

Grand Total: 110 creatures vanquished

Notes
Turn   | Place    | Note
-------+----------+-------------------------------------------
     0 | D:1      | Conn the Deep Elf Wizard began the quest for the Orb.
     0 | D:1      | Reached XP level 1. HP: 10/10 MP: 7/7
   517 | D:1      | Reached skill level 5 in Spellcasting
   554 | D:1      | Reached XP level 2. HP: 14/15 MP: 8/10
  1191 | D:2      | Noticed Sigmund
  1197 | D:2      | Learned a level 2 spell: Blink
  1200 | D:2      | Learned a level 2 spell: Call Imp
  1203 | D:2      | Learned a level 2 spell: Slow
  1218 | D:2      | Killed Sigmund
  1218 | D:2      | Reached XP level 3. HP: 2/19 MP: 6/12
  1218 | D:2      | Reached XP level 4. HP: 2/24 MP: 6/13
  1570 | D:2      | Reached skill level 6 in Spellcasting
  1850 | D:2      | Found a hide-covered altar of Uskayaw.
  2047 | D:3      | Learned a level 3 spell: Conjure Flame
  2047 | D:3      | Noticed a bullfrog
  2051 | D:3      | Learned a level 3 spell: Mephitic Cloud
  2063 | D:3      | Killed a bullfrog
  2063 | D:3      | Reached XP level 5. HP: 15/28 MP: 6/15
  2956 | D:3      | Noticed Jessica
  2960 | D:3      | Killed Jessica
  2960 | D:3      | Reached skill level 7 in Spellcasting
  2965 | D:3      | Found a shimmering blue altar of Sif Muna.
  3005 | D:3      | Became a worshipper of Sif Muna the Loreminder
  3033 | D:3      | Noticed Robin
  3046 | D:3      | Killed Robin
  3046 | D:3      | Reached XP level 6. HP: 33/33 MP: 2/18
  3648 | D:4      | Learned a level 3 spell: Confuse
  3699 | D:4      | Found a blossoming altar of Fedhas.
  4178 | D:5      | Entered Level 5 of the Dungeon
  4184 | D:5      | Reached skill level 1 in Fighting
  4184 | D:5      | Reached skill level 1 in Hexes
  4184 | D:5      | Reached skill level 1 in Invocations
  4343 | D:5      | Reached XP level 7. HP: 37/38 MP: 12/20
  4466 | D:5      | Noticed Prince Ribbit
  4477 | D:5      | Killed Prince Ribbit
  4477 | D:5      | Reached * piety under Sif Muna
  4477 | D:5      | Reached skill level 8 in Spellcasting
  5426 | D:6      | Reached XP level 8. HP: 32/43 MP: 0/22
  5659 | D:6      | Found a shadowy altar of Dithmenos.
  5796 | D:6      | Reached skill level 9 in Spellcasting
  5796 | D:6      | Reached skill level 5 in Conjurations
  6099 | D:6      | Found a staircase to the Ecumenical Temple.
  6375 | D:6      | Found an iron altar of Okawaru.
  6375 | D:6      | Found a radiant altar of Vehumet.
  6375 | D:6      | Found an ancient bone altar of Kikubaaqudgha.
  6493 | D:6      | Reached skill level 1 in Short Blades
  6676 | D:7      | Reached ** piety under Sif Muna
  6856 | D:7      | Noticed a brown ugly thing
  6890 | D:7      | Mangled by an orc warrior

Levels and vault maps discovered:
D:1:      minmay_arrival_four_houses, layout_loops_ring,
          chequers_serial_rivers_room_a, wander_ebering_terrifying_dragon_lair
D:2:      layout_basic, lemuel_doored_altar, minmay_liquid_box,
          minmay_tromino_mix6, uniq_sigmund
D:3:      minmay_spotlight, layout_loops_ring, tgw_sif, uniq_robin
D:4:      layout_rooms, fedhas_altar_fruit_tree, first_ration,
          kennysheep_generic_room_2
D:5:      layout_loops_corners, uniq_prince_ribbit1
D:6:      layout_basic, grunt_dithmenos_smoke, gammafunk_temple_overflow_claw,
          temple_green
D:7:      layout_layer_cave

Skill      XL: |  1  2  3  4  5  6  7  8 |
---------------+-------------------------+-----
Spellcasting   | 5 6 7 8 9 |  9.5
Stealth        | 3 4 |  4.5
Conjurations   | 2 3 4 5 |  5.5
Summonings     | 2 |  2.8
Dodging        | 3 |  3.7
Fighting       | 1 |  1.3
Hexes          | 1 3 |  3.2
Invocations    | 1 2 3 |  3.4
Short Blades   | 1 |  1.0
Throwing       | |  0.4
Translocations | |  1.4
Air Magic      | |  0.6
Poison Magic   | |  0.9

Action                   |  1- 3 |  4- 6 |  7- 9 || total
-------------------------+-------+-------+-------++-------
Melee: Short sword       |    17 |    45 |    17 ||    79
       Dagger            |     1 |       |       ||     1
Throw: Dart              |     4 |       |       ||     4
 Cast: Magic Dart        |    33 |   132 |   156 ||   321
       Call Imp          |     2 |     7 |     3 ||    12
       Slow              |     1 |       |       ||     1
       Mephitic Cloud    |       |     5 |    10 ||    15
       Conjure Flame     |       |     1 |     2 ||     3
       Blink             |       |       |     4 ||     4
  Use: Scroll            |       |     4 |       ||     4
 Stab: Sleeping          |     5 |     4 |     4 ||    13
       Confused          |       |       |     1 ||     1
  Eat: Chunk             |     1 |     9 |     5 ||    15
       Ration            |       |       |     1 ||     1
Armor: Robe              |     3 |    29 |     9 ||    41
Dodge: Dodged            |    18 |    83 |    32 ||   133

Table legend:
 A = Non-vault XP
 B = Vault XP
 C = Vault XP percentage of total XP
 D = Non-vault monster count
 E = Vault monster count
 F = Vault count percentage of total count
                 A         B        C        D         E       F
            +---------+---------+-------+---------+---------+-------
      Total |    1782 |     470 |  20.9 |      89 |      21 |  19.1
            +---------+---------+-------+---------+---------+-------
        D:1 |      13 |       1 |   7.1 |       9 |       1 |  10.0
        D:2 |      20 |     117 |  85.4 |       9 |       5 |  35.7
        D:3 |     185 |      70 |  27.5 |      26 |      12 |  31.6
        D:4 |      98 |       5 |   4.9 |       3 |       2 |  40.0
        D:5 |     546 |     277 |  33.7 |      12 |       1 |   7.7
        D:6 |     860 |       0 |   0.0 |      23 |       0 |   0.0
        D:7 |      60 |       0 |   0.0 |       7 |       0 |   0.0
            +---------+---------+-------+---------+---------+-------
